 Dungeon Crawl Stone Soup version 0.31.0-11-ge490571c62 (webtiles) character file.

Game seed: 3471289627305347098

34 qw the Shooter (level 3, 0/18 HPs)
             Began as a Spriggan Hunter on Feb 4, 2024.
             Succumbed to their own poison gas
             ... on level 1 of the Dungeon.
             The game lasted 00:00:02 (598 turns).

qw the Shooter (Spriggan Hunter)                     Turns: 598, Time: 00:00:02

Health: 0/18       AC:  2    Str:  7    XL:     3   Next: 14%
Magic:  4/4        EV: 19    Int: 10    God:
Gold:   38         SH:  0    Dex: 20    Spells: 2/2 levels left

rFire   . . .        a - +0 shortbow
rCold   . . .        (shield currently unavailable)
rNeg    . . .        c - +0 robe
rPois   .            (helmet restricted)
rElec   .            (no cloak)
rCorr   .            (gloves unavailable)
SInv    +            (boots unavailable)
Will    .....        (no amulet)
Stlth   ++           (no ring)
HPRegen 0.23/turn    (no ring)
MPRegen 0.09/turn

%: no passive effects
@: lethally poisoned (0 -> -3), very quick
A: very small, no large weapons, unfitting armour, see invisible, speed 3
a: no special abilities


You were on level 1 of the Dungeon.
You visited 1 branch of the dungeon, and saw 1 of its levels.

You collected 38 gold pieces.


Innate Abilities, Weirdness & Mutations

You are very small and have problems with some larger weapons.
You are too small for most types of armour.
You have supernaturally acute eyesight. (SInv)
You cover ground extremely quickly. (Speed+++)


   Skills:
 - Level 1.5 Fighting
 + Level 4.5 Ranged Weapons
 - Level 4.0 Dodging
 - Level 1.5 Stealth


You had 2 spell levels left.
You didn't know any spells.
Your spell library was empty.

Inventory:

Hand Weapons
 a - a +0 shortbow (weapon)
Armour
 c - a +0 robe (worn)
Scrolls
 g - 2 scrolls of teleportation

Dungeon Overview and Level Annotations

Branches:
Dungeon (1/15)

Altars:


Message History

586 ||| DROPPING scroll of butterflies.
You drop a scroll of butterflies.
Done exploring.
587 ||| DROPPING scroll of revelation.
You drop a scroll of revelation.
Done exploring.
588 ||| DROPPING potion of degeneration.
You drop a potion of degeneration.
Done exploring.
589 ||| DROPPING scroll of noise.
You drop a scroll of noise.
Done exploring.
What level of the Dungeon? (default 1, ? - help) Sorry, I don't know how to get there.
Enter note:
Enter note:
Enter note:
Enter note:
Enter note:
Enter note:
Enter note:
Enter note:
Enter note: You are engulfed in poison gas.
You are lethally poisoned!
You feel very sick.
591 ||| Stepping ~*~*~tactically~*~*~ (cloud).
You feel very sick.
Items here: ! ???.
There is a lethal amount of poison in your body!
You feel very sick.
There is a lethal amount of poison in your body!
You feel very sick.
There is a lethal amount of poison in your body!
You feel sick.
There is a lethal amount of poison in your body!
You feel sick.
There is a lethal amount of poison in your body!
You feel sick.
There is a lethal amount of poison in your body!
You feel sick.
There is a lethal amount of poison in your body!
You die...

#.#
############..#.......
#.##### #..##.....%
##.....# #..###.#.##
##..###.# #..##.#..##
#.......## #....###...
#........# #.###.#.###
#...~¤~..# #.# ##.####
#...~~0..#########0#
#...>.
##..~~~0.00@00¤0...#
######
#.)~0~00.##########
#...¤....# ##..0..###
##...## #####


There were no monsters in sight!

Vanquished Creatures
  3 ball pythons (D:1)
  6 bats (D:1)
  2 endoplasms (D:1)
  2 giant cockroaches (D:1)
  A goblin (D:1)
  2 hobgoblins (D:1)
  3 jackals (D:1)
  A quokka (D:1)
  3 frilled lizards (D:1)
  2 kobolds (D:1)
  3 rats (D:1)
28 creatures vanquished.

Notes
Turn   | Place    | Note
-------+----------+-------------------------------------------
     0 | D:1      | qw the Spriggan Hunter began the quest for the Orb.
     0 | D:1      | Reached XP level 1. HP: 10/10 MP: 2/2
     0 | D:1      | 0 ||| qw: Version: 0.3-a-160-g6735b56
     0 | D:1      | 0 ||| qw: Game counter: 4494
     0 | D:1      | 0 ||| qw: Melee chars always use a shield: true
     0 | D:1      | 0 ||| qw: God list: Okawaru
     0 | D:1      | 0 ||| qw: Allow faded altars: false
     0 | D:1      | 0 ||| qw: Do Orc after clearing Dungeon:15 true
     0 | D:1      | 0 ||| qw: Do second Lair branch before Depths: true
     0 | D:1      | 0 ||| qw: Lair rune preference: random
     0 | D:1      | 0 ||| qw: Goals: Normal
     0 | D:1      | 0 ||| PLANNING D:1-11
    32 | D:1      | Reached skill level 3 in Dodging
   142 | D:1      | Reached XP level 2. HP: 14/14 MP: 3/3
   273 | D:1      | Reached XP level 3. HP: 18/18 MP: 4/4
   575 | D:1      | 575 ||| DROPPING ring of wizardry.
   576 | D:1      | 576 ||| READING scroll labelled JATWOTROAM.
   577 | D:1      | 577 ||| READING 3 scrolls labelled FUVIOG FAUZU.
   577 | D:1      | 577 ||| IDENTIFYING metallic dark potion
   578 | D:1      | 578 ||| READING 2 scrolls of identify.
   578 | D:1      | 578 ||| IDENTIFYING scroll labelled OMOSIW LOQU
   579 | D:1      | 579 ||| READING scroll of identify.
   579 | D:1      | 579 ||| IDENTIFYING scroll labelled HOGUL GIFAE
   580 | D:1      | 580 ||| READING 3 scrolls labelled SUCZOI LOSMINK.
   585 | D:1      | 585 ||| READING scroll labelled ABYRPH FUEZEPAT.
   586 | D:1      | 586 ||| DROPPING scroll of butterflies.
   587 | D:1      | 587 ||| DROPPING scroll of revelation.
   588 | D:1      | 588 ||| DROPPING potion of degeneration.
   589 | D:1      | 589 ||| DROPPING scroll of noise.
   591 | D:1      | 591 ||| Stepping ~*~*~tactically~*~*~ (cloud).
   594 | D:1      | HP: 4/18 [poisoned by you (poison gas)]
   597 | D:1      | HP: 1/18 [poisoned by you (poison gas)]
   598 | D:1      | Succumbed to their own poison gas

Levels and vault maps discovered:
D:1:      dpeg_arrival_arbitrary_a, layout_loops_ring, serial_park_tiny_pond,
          serial_bayou_pond_c

Skill      XL: |  1  2 |
---------------+-------+-----
Dodging        | 3 4 |  4.0
Fighting       | |  1.5
Ranged Weapons | |  4.5
Stealth        | |  1.5

Action                     || total
---------------------------++-------
   Fire: Shortbow          ||    56
    Use: Scroll            ||     6
 Armour: Robe              ||     2
  Dodge: Dodged            ||    23

Table legend:
 A = Non-vault XP
 B = Vault XP
 C = Vault XP percentage of total XP
 D = Non-vault monster count
 E = Vault monster count
 F = Vault count percentage of total count
                 A         B        C        D         E       F
            +---------+---------+-------+---------+---------+-------
      Total |      49 |       0 |   0.0 |      28 |       0 |   0.0
            +---------+---------+-------+---------+---------+-------
        D:1 |      49 |       0 |   0.0 |      28 |       0 |   0.0
            +---------+---------+-------+---------+---------+-------
